 Dungeon Crawl Stone Soup version 0.21-a0-525-ga34b322 (webtiles) character file.

79 esteth the Skirmisher (level 4, -8/42 HPs)
             Began as a Hill Orc Monk on Dec 7, 2017.
             Killed from afar by Salmacis's ghost (9 damage)
             ... with a stone arrow
             ... on level 3 of the Dungeon.
             The game lasted 00:04:27 (2245 turns).

esteth the Skirmisher (Hill Orc Monk)               Turns: 2245, Time: 00:04:27

Health: -8/42      AC:  5    Str: 14    XL:     4   Next: 37%
Magic:  0/4        EV: 11    Int: 10    God:
Gold:   92         SH:  0    Dex: 13    Spells: 3/3 levels left

rFire    . . .     SeeInvis .   a - +0 spear
rCold    . . .     Gourm    .   (no shield)
rNeg     . . .     Faith    .   h - +0 ring mail
rPois    .         Spirit   +   (no helmet)
rElec    .         Reflect  .   p - scarf {Spirit}
rCorr    .         Harm     .   (no gloves)
MR       .....                  (no boots)
Stlth    +.........             (no amulet)
HPRegen  0.14/turn              (no ring)
MPRegen  0.09/turn              (no ring)

@: no status effects
A: no striking features
a: no special abilities


You were on level 3 of the Dungeon.
You were hungry.

You visited 1 branch of the dungeon, and saw 3 of its levels.

You collected 92 gold pieces.

Inventory:

Hand Weapons
 a - a +0 spear (weapon)
Armour
 b - a +0 robe
 h - a +0 ring mail (worn)
 p - a scarf of spirit shield (worn)
Wands
 n - a wand of acid (10)
Scrolls
 d - a scroll of immolation {unknown}
 e - a scroll of remove curse {unknown}
 f - 2 scrolls of identify {unknown}
 j - 3 scrolls of teleportation {unknown}
 l - 2 scrolls of enchant armour {unknown}
Potions
 g - a potion of curing {unknown}
 i - a potion of ambrosia {unknown}
 q - a potion of invisibility {unknown}
Comestibles
 c - 3 bread rations
 k - a fruit
 m - a royal jelly
 o - 2 chunks of flesh


   Skills:
 + Level 5.0 Fighting
 + Level 4.5 Polearms
 - Level 2.4 Dodging
 - Level 1.5 Stealth


You had 3 spell levels left.
You didn't know any spells.

Dungeon Overview and Level Annotations

Branches:
Dungeon (3/15)

Altars:
Kikubaaqudgha
Makhleb

Annotations:
D:3 Salmacis's ghost, amateur GrEE


Message History

You are too injured to fight recklessly!
You miss Salmacis's ghost.
Salmacis's ghost is lightly damaged.
Salmacis's ghost casts a spell at you. The stone arrow hits you!
You hit Salmacis's ghost but do no damage.
Salmacis's ghost is lightly damaged.
Salmacis's ghost says, "All of the earth is under my command."
Salmacis's ghost barely misses you.
You miss Salmacis's ghost.
Salmacis's ghost is lightly damaged.
Salmacis's ghost points at you and mumbles some strange words.
The stone arrow hits you!
* * * LOW HITPOINT WARNING * * *
Your ring mail prevents you from hitting Salmacis's ghost.
Salmacis's ghost is lightly damaged.
You are feeling hungry.
Salmacis's ghost casts a spell at you. The stone arrow hits you!
You die...

#..........#
##########.#
#.# #.# ##
#.# .. #.#
.### #.#
..[.#
#.#####..$..#
#....@W.....#
#######.....#
....# ####


You could see Salmacis's ghost.

Vanquished Creatures
  2 adders
  An ooze (D:1)
  A worm (D:2)
  2 dart slugs (D:1)
  2 leopard geckos (D:2)
  3 bats
  4 giant cockroaches
  7 goblins
  3 hobgoblins (D:2)
  6 jackals
  6 kobolds
  5 frilled lizards
  5 rats
47 creatures vanquished.

Notes
Turn   | Place    | Note
-------+----------+-------------------------------------------
     0 | D:1      | esteth the Hill Orc Monk began the quest for the Orb.
     0 | D:1      | Reached XP level 1. HP: 19/19 MP: 1/1
   237 | D:1      | Reached skill level 4 in Fighting
   237 | D:1      | Reached XP level 2. HP: 20/27 MP: 2/2
   997 | D:1      | Reached XP level 3. HP: 26/34 MP: 3/3
  1598 | D:2      | Reached XP level 4. HP: 26/41 MP: 4/4
  1793 | D:2      | Found an ancient bone altar of Kikubaaqudgha.
  1800 | D:2      | Found a burning altar of Makhleb.
  1890 | D:3      | Reached skill level 5 in Fighting
  2230 | D:3      | Noticed Salmacis's ghost (amateur GrEE)
  2244 | D:3      | HP: 1/42 [Salmacis's ghost/stone arrow (16)]
  2245 | D:3      | Killed from afar by Salmacis's ghost

Vault maps used:
D:1:      ncdulo_wetmaze
D:2:      amethyst_overflow_temple_binary
D:3:      kennysheep_okawaru_gauntlet, uniq_ijyb, uniq_natasha, uniq_grinder

Skill      XL: |  1  2  3  4 |
---------------+-------------+-----
Fighting       | 4 5 |  5.0
Polearms       | 4 |  4.5
Dodging        | |  2.4
Stealth        | |  1.5

Action                   |  1- 3 |  4- 6 || total
-------------------------+-------+-------++-------
Melee: Spear             |   163 |    78 ||   241
 Stab: Sleeping          |     5 |       ||     5
  Eat: Chunk             |     2 |     2 ||     4
Armor: Robe              |     5 |       ||     5
       Ring mail         |    35 |    17 ||    52
Dodge: Dodged            |    69 |    32 ||   101

Table legend:
 A = Spawn XP
 B = Non-spawn XP
 C = Spawn XP percentage of total XP
 D = Spawn monster count
 E = Non-spawn monster count
 F = Spawn count percentage of total count
 G = Total turns spent on level
                    A         B        C        D         E        F      G
               +---------+---------+-------+---------+---------+-------+---------
         Total |       0 |     113 |   0.0 |       0 |      47 |   0.0 |  2245
               +---------+---------+-------+---------+---------+-------+---------
           D:1 |       0 |      36 |   0.0 |       0 |      17 |   0.0 |  1174
           D:2 |       0 |      59 |   0.0 |       0 |      26 |   0.0 |   699
           D:3 |       0 |      18 |   0.0 |       0 |       4 |   0.0 |   372
               +---------+---------+-------+---------+---------+-------+---------
